Map: Ruins of Seras

Players

Serral - Winner!

  • Race: Zerg Zerg
  • League: Grandmaster

HeroMarine

  • Race: Terran Terran
  • League: Grandmaster

Event: NationWars III

VOD

Have the link to the VOD?

Description

Time

  • Played on: Dec. 13, 2015, 2:53 p.m.
  • Length: 32:38
Show
View Real Time Build Order
Export as new Build Order

Serral Zerg - Winner!

Build Orders: Hatch First 

Get SALT Encoding   

  12  0:01  Drone  
  13  0:12  Overlord  
  13  0:18  Drone  
  14  0:31  Drone x2  
  14  0:35  Drone  
  17  0:53  Hatchery  
  17  0:56  Drone  
  17  0:59  Drone  
  17  1:01  Extractor  
  17  1:08  Drone  
  18  1:19  Spawning Pool  
  18  1:21  Drone  
  18  1:28  Drone  
  19  1:39  Overlord  
  19  2:05  Queen  
  19  2:06  Metabolic Boost, Zergling x4  
  19  2:07  Queen  
  25  2:10  Drone  
  25  2:13  Drone  
  27  2:17  Drone  
  28  2:23  Drone  
  28  2:26  Drone  
  30  2:37  Overlord  
  30  2:38  Zergling x2  
  30  2:43  Queen  
  32  2:44  Drone  
  32  2:48  Drone  
  34  2:54  Drone  
  35  2:58  Drone  
  36  3:07  Drone  
  37  3:16  Drone x4  
  37  3:18  Queen  
  43  3:20  Overlord  
  43  3:27  Overlord  
  43  3:32  Overlord  
  43  3:39  Hatchery  
  42  3:44  Drone  
  42  3:45  Drone  
  42  3:47  Roach Warren  
  43  3:49  Drone x3  
  43  3:55  Queen  
  48  3:56  Extractor  
  48  3:58  Drone x3  
  48  3:59  Drone  
  51  4:05  Overlord  
  51  4:15  Extractor  
  51  4:16  Lair  
  50  4:23  Overlord x2  
  50  4:29  Roach x3  
  56  4:34  Drone x2  
  56  4:35  Roach  
  60  4:38  Overlord  
  60  4:43  Drone x2  
  60  4:45  Roach x2  
  66  4:59  Drone x2  
  65  5:04  Drone  
  65  5:05  Drone x2  
  65  5:06  Queen  
  70  5:10  Spore Crawler  
  70  5:13  Drone x2  
  71  5:17  Drone x3, Extractor  
  73  5:24  Drone x2  
  73  5:25  Drone  
  73  5:30  Drone  
  73  5:31  Drone x2  
  73  5:34  Overlord  
  76  5:36  Drone x2  
  76  5:38  Ravager  
  76  5:39  Ravager x2  
  81  5:46  Evolution Chamber  
  81  5:47  Drone  
  81  5:48  Evolution Chamber, Spore Crawler, Drone  
  81  5:49  Drone  
  79  5:53  Overlord  
  79  5:54  Drone  
  79  6:03  Drone  
  78  6:04  Drone x2  
  78  6:08  Drone x2  
  82  6:13  Overlord  
  82  6:15  Zerg Missile Weapons Level 1, Drone, Zerg Ground Armor Level 1  
  82  6:16  Drone  
  82  6:17  Drone  
  85  6:22  Zergling x8  
  89  6:30  Drone x2  
  91  6:33  Drone x3  
  91  6:35  Pneumatized Carapace  
  91  6:39  Drone x2  
  96  6:40  Drone, Infestation Pit  
  96  6:45  Extractor, Zergling x8  
  96  6:46  Extractor  
  98  6:50  Overlord  
  98  6:52  Evolution Chamber, Drone x2  
  98  6:53  Drone  
  100  6:55  Glial Reconstitution  
  100  7:02  Drone x4  
  104  7:08  Zergling x4  
  106  7:18  Zerg Melee Weapons Level 1  
  106  7:19  Infestor  
  106  7:20  Infestor x2  
  106  7:22  Zergling x4  
  114  7:24  Overlord x3  
  114  7:34  Zergling x2  
  113  7:37  Overlord x2  
  113  7:42  Ravager x2, Zergling x6  
  113  7:43  Zergling x4  
  118  7:49  Zergling x8  
  115  7:56  Zergling x14  
  121  7:58  Drone  
  121  8:01  Drone  
  122  8:09  Overlord  
  122  8:10  Drone x2  
  124  8:17  Hatchery  
  123  8:20  Zerg Ground Armor Level 2, Zerg Missile Weapons Level 2  
  123  8:22  Roach x3  
  123  8:23  Hive  
  129  8:27  Overlord  
  129  8:32  Drone  
  129  8:33  Drone x5  
  135  8:45  Zergling x12  
  135  8:47  Ravager x4  
  145  8:58  Zergling x22  
  155  9:08  Queen  
  150  9:15  Roach  
  150  9:16  Roach x2  
  145  9:19  Zerg Melee Weapons Level 2  
  145  9:20  Roach x3  
  144  9:30  Queen  
  146  9:31  Roach  
  146  9:32  Roach x6  
  146  9:33  Overlord  
  146  9:37  Ravager x3  
  163  9:41  Ultralisk Cavern  
  163  9:42  Drone x2  
  163  9:43  Drone  
  157  9:58  Drone x4  
  155  10:01  Roach x3  
  155  10:02  Roach x2  
  155  10:04  Drone  
  155  10:05  Drone x2, Queen  
  155  10:06  Overlord  
  167  10:14  Ravager x2  
  167  10:15  Ravager x3  
  170  10:26  Roach x2  
  170  10:27  Roach x8  
  157  10:36  Roach x5  
  157  10:39  Overseer  
  164  10:45  Chitinous Plating  
  164  10:47  Overlord x3, Infestor  
  164  10:48  Infestor  
  168  10:50  Ravager  
  168  10:52  Extractor x2  
  167  10:59  Ultralisk, Zergling x4  
  175  11:16  Ultralisk, Zergling x10  
  175  11:17  Zergling x14  
  192  11:26  Overlord  
  192  11:33  Ultralisk, Zergling x2  
  173  12:02  Ultralisk x4  
  197  12:10  Zergling x4  
  197  12:13  Zerg Melee Weapons Level 3  
  199  12:28  Hatchery  
  193  12:35  Overseer  
  193  12:41  Ultralisk, Zergling x4  
  200  12:46  Hatchery  
  200  12:50  Baneling Nest  
  197  12:51  Zergling x2  
  197  12:52  Zergling x2  
  197  13:04  Zerg Ground Armor Level 3, Zerg Missile Weapons Level 3  
  197  13:05  Zergling x8  
  200  13:06  Spire  
  197  13:23  Drone  
  197  13:24  Drone  
  198  13:37  Centrifical Hooks  
  198  13:46  Adrenal Glands  
  183  13:56  Ultralisk x2  
  183  14:01  Roach x2, Zergling x2  
  199  14:06  Spine Crawler  
  199  14:08  Spine Crawler  
  197  14:12  Queen  
  199  14:21  Greater Spire  
  198  14:32  Ravager  
  198  14:35  Baneling x2  
  198  15:01  Zergling x4  
  159  15:14  Ultralisk x3  
  159  15:15  Ultralisk x2  
  159  15:20  Ultralisk x3, Zergling x22  
  196  15:37  Drone x6  
  188  15:56  Corruptor x3  
  188  15:57  Corruptor x3  
  190  16:01  Extractor  
  190  16:02  Extractor  
  198  16:08  Extractor  
  198  16:09  Drone x3, Extractor  
  199  16:11  Drone  
  199  16:15  Corruptor  
  199  16:18  Zerg Flyer Weapons Level 1  
  200  16:25  Spine Crawler  
  192  16:36  Brood Lord x4  
  200  16:41  Spine Crawler x2  
  200  16:42  Spine Crawler x2  
  200  16:43  Brood Lord  
  200  16:46  Brood Lord  
  196  17:07  Zergling x2  
  196  17:08  Zergling x4  
  199  17:30  Hatchery, Overseer x3  
  199  17:31  Overlord x2  
  196  17:44  Queen  
  196  17:49  Zergling x6  
  169  18:25  Ultralisk x5  
  186  18:41  Infestor x4  
  186  18:42  Overlord x2, Infestor  
  186  18:45  Pathogen Glands  
  196  18:49  Zergling x6  
  199  19:17  Baneling x10  
  199  19:21  Spine Crawler  
  199  19:22  Spine Crawler, Extractor  
  199  19:23  Spine Crawler  
  195  19:24  Extractor  
  193  19:58  Spine Crawler  
  193  20:00  Zergling x16  
  193  20:03  Burrow  
  193  20:05  Zergling x12  
  193  20:06  Spine Crawler  
  199  20:27  Zergling x14  
  200  20:47  Zerg Flyer Weapons Level 2  
  200  20:49  Spire  
  199  20:50  Drone  
  183  21:24  Zergling x28  
  183  21:25  Zergling x10  
  136  21:35  Zergling x14  
  136  21:36  Zergling x62  
  136  21:37  Zergling x14  
  155  21:43  Baneling x10  
  155  21:44  Baneling x4  
  155  21:45  Baneling x8  
  155  21:47  Zergling x16  
  155  21:48  Zergling x38  
  164  21:55  Baneling x13  
  164  22:00  Baneling  
  164  22:01  Baneling x5  
  92  22:38  Infestor x3  
  92  22:39  Infestor x3  
  89  23:12  Corruptor x5  
  87  23:13  Corruptor x3  
  87  23:16  Corruptor  
  104  24:03  Brood Lord  
  104  24:04  Brood Lord x5  
  104  24:05  Brood Lord x2  
  104  24:09  Brood Lord  
  122  24:16  Drone  
  123  24:21  Zergling x4  
  123  24:22  Zergling x10  
  130  24:25  Ravager x4  
  134  24:32  Ravager x3  
  134  24:37  Overseer  
  127  25:00  Zergling x20  
  127  25:01  Zergling x8  
  140  25:14  Corruptor  
  142  25:23  Corruptor  
  143  25:32  Hatchery  
  141  25:39  Infestor x7  
  80  26:07  Zergling x2  
  80  26:08  Zergling x22  
  83  26:17  Brood Lord x2  
  82  26:21  Zergling x8  
  84  26:27  Baneling x5  
  84  26:31  Zergling x8  
  77  26:58  Hatchery  
  74  27:24  Zergling x12  
  74  27:25  Zergling x4  
  80  27:49  Zergling x6  
  83  27:57  Baneling x3  
  72  28:10  Zergling x2  
  72  28:12  Zergling x4  
  70  28:27  Zergling x4  
  70  28:32  Zergling x2  
  70  28:33  Zergling x10  
  70  28:34  Infestor x5  
  67  28:55  Zergling x16  
  69  29:03  Drone x12  
  32  31:13  Zergling x6  
Show
View Real Time Build Order
Export as new Build Order

HeroMarine Terran 

Build Orders: Liberator Opening, Reaper Expand, MMM Bio 

Get SALT Encoding   

  12  0:00  SCV  
  13  0:13  SCV  
  14  0:18  Supply Depot  
  14  0:25  SCV  
  15  0:39  SCV  
  15  0:41  Barracks  
  16  0:46  Refinery  
  16  0:52  SCV  
  17  1:04  SCV  
  18  1:16  SCV  
  19  1:28  Orbital Command  
  19  1:29  Reaper  
  20  1:42  Command Center  
  20  1:52  Supply Depot  
  20  1:54  SCV  
  20  2:01  Marine  
  22  2:05  Refinery  
  22  2:07  SCV  
  23  2:17  Factory  
  23  2:19  SCV  
  24  2:23  Barracks Reactor  
  24  2:31  SCV  
  25  2:43  SCV  
  26  2:55  SCV  
  26  2:56  Orbital Command  
  27  3:03  Starport  
  27  3:07  Marine  
  27  3:08  SCV, Hellion x2  
  33  3:20  SCV  
  33  3:21  SCV  
  33  3:24  Supply Depot  
  35  3:28  Widow Mine x2, Marine  
  35  3:32  SCV  
  35  3:34  SCV  
  42  3:40  Medivac  
  44  3:44  SCV  
  44  3:46  SCV, Supply Depot  
  44  3:48  Marine  
  47  3:56  SCV  
  47  3:58  SCV, Liberator  
  49  4:10  SCV x2  
  49  4:11  Command Center  
  49  4:13  Barracks Tech Lab  
  54  4:23  SCV, Supply Depot  
  54  4:24  SCV  
  56  4:29  Hellion  
  56  4:31  Hellion  
  60  4:36  SCV x2  
  62  4:41  Stimpack  
  62  4:44  Liberator  
  62  4:45  Marine  
  63  4:46  Supply Depot  
  63  4:48  SCV x2  
  64  5:00  SCV x2  
  64  5:03  Marine  
  70  5:07  Barracks  
  70  5:10  Barracks  
  70  5:11  Bunker  
  68  5:14  SCV  
  68  5:15  SCV  
  68  5:19  Factory Reactor  
  70  5:23  Marine  
  70  5:24  Engineering Bay  
  70  5:25  Engineering Bay  
  70  5:26  Orbital Command  
  70  5:28  SCV  
  72  5:29  SCV  
  71  5:36  Refinery  
  71  5:37  Refinery  
  71  5:41  Marine  
  72  5:45  Starport Reactor  
  72  5:48  SCV, Barracks x2  
  72  5:49  SCV  
  74  5:54  Terran Infantry Weapons Level 1, Terran Infantry Armor Level 1  
  72  5:58  Marine, Orbital Command  
  72  6:03  SCV x2  
  75  6:06  Supply Depot, Marine x2  
  75  6:10  Factory Tech Lab, Marine  
  75  6:11  Marine  
  79  6:15  Supply Depot, SCV x2  
  79  6:17  Marine  
  82  6:24  Marine x2  
  84  6:27  SCV x3  
  84  6:28  Marine  
  84  6:29  Marine  
  84  6:32  Medivac x2  
  91  6:35  Marine  
  91  6:39  SCV  
  93  6:40  SCV x2, Supply Depot  
  93  6:46  Barracks Reactor x2  
  95  6:47  Factory Reactor  
  95  6:50  Refinery  
  95  6:51  SCV  
  95  6:52  SCV x2, Marine x2  
  95  6:53  Marine  
  95  6:54  Marine  
  102  6:59  Marauder  
  103  7:03  SCV  
  103  7:04  SCV x2  
  103  7:06  Supply Depot  
  106  7:21  Marine x3, Marauder  
  106  7:22  Medivac x2, Marine  
  116  7:25  Supply Depot  
  116  7:27  Supply Depot  
  116  7:28  Armory  
  116  7:29  Supply Depot, Widow Mine x2  
  118  7:30  Marine x3  
  118  7:32  Marine  
  120  7:38  SCV x2  
  120  7:39  SCV, Marine x4  
  120  7:42  Marine  
  127  7:48  Marine x2  
  127  7:50  SCV x2  
  130  7:52  Medivac x2  
  130  7:54  Marine  
  130  7:55  Marine  
  130  7:57  Marine  
  131  8:01  Marauder  
  129  8:05  Marine x2  
  129  8:06  Widow Mine x2, Marine  
  129  8:07  Combat Shields, Marine  
  129  8:08  Marine  
  129  8:12  Marine  
  138  8:14  Marine  
  138  8:15  Marine  
  138  8:19  Barracks  
  141  8:20  Barracks  
  141  8:21  Barracks  
  141  8:22  Marauder  
  141  8:23  Marine x2  
  141  8:25  Supply Depot  
  141  8:26  Terran Infantry Weapons Level 2, Terran Infantry Armor Level 2  
  145  8:27  Supply Depot  
  145  8:30  Supply Depot  
  145  8:33  Marine x3  
  148  8:36  Medivac  
  148  8:37  Medivac  
  148  8:39  Marine x2  
  153  8:42  Terran Ship Weapons Level 1  
  153  8:43  Marine x2  
  153  8:45  Marauder  
  153  8:47  SCV x2  
  159  8:49  Marine  
  159  8:50  Marine  
  159  8:51  Marine  
  159  8:53  Widow Mine x2  
  159  8:54  Marine  
  167  8:57  Marine x2  
  167  9:01  Marine x2  
  171  9:06  Marine  
  171  9:07  Marine  
  171  9:08  Marine x2  
  172  9:12  Marine  
  172  9:15  Marine x2  
  174  9:17  Barracks Tech Lab  
  174  9:18  Barracks Tech Lab  
  174  9:22  Barracks Tech Lab  
  174  9:25  Command Center, Marauder  
  174  9:28  Marine x2  
  174  9:30  Marine x2  
  174  9:31  Ghost Academy, Refinery  
  180  9:38  Supply Depot, Concussive Shells  
  180  9:39  Supply Depot, Widow Mine x2  
  184  9:46  Marauder  
  184  9:51  Marauder, Marine  
  188  9:56  Marauder  
  188  9:57  Marine  
  187  10:03  Marine x2  
  187  10:05  Marauder  
  188  10:07  Marauder  
  188  10:08  Marine x2  
  190  10:14  Marauder, Widow Mine x2, Marine x3  
  190  10:15  Marine  
  190  10:17  Marine  
  194  10:21  Marine x2  
  194  10:24  Medivac  
  194  10:26  Marine  
  194  10:27  Marine x2  
  189  10:28  Marine  
  189  10:32  Marine  
  189  10:34  Medivac  
  166  10:36  Marine  
  166  10:39  Marauder, Marine x4  
  166  10:41  Marine  
  159  10:43  Widow Mine  
  159  10:44  Marine  
  159  10:45  Command Center  
  159  10:46  Marine x2  
  159  10:49  Marauder  
  166  10:52  Marine  
  166  10:54  Marine, Medivac  
  170  11:00  Marauder x2  
  170  11:02  Marine x2, Marauder  
  170  11:03  Marine x2  
  180  11:06  Marine  
  180  11:09  Marine  
  180  11:10  Marauder, Marine  
  185  11:11  Planetary Fortress  
  185  11:21  Marauder  
  189  11:25  Marauder  
  189  11:30  Marine x2  
  189  11:31  Marauder  
  186  11:33  Marine  
  186  11:37  Marauder  
  189  11:42  Marauder  
  180  11:47  Terran Infantry Weapons Level 3, Terran Infantry Armor Level 3  
  180  11:48  Marauder  
  180  11:51  Marine x2  
  163  11:58  Marauder  
  163  11:59  Marine x2  
  163  12:00  Widow Mine x2  
  154  12:01  Marauder, Marine x2  
  154  12:03  Marine x3  
  159  12:09  Marine  
  159  12:10  Marauder  
  160  12:19  Marauder  
  160  12:22  Barracks  
  161  12:23  Barracks  
  161  12:24  SCV x4  
  164  12:30  Ghost x3  
  168  12:38  Widow Mine x2  
  168  12:40  Ghost  
  174  12:51  Terran Vehicle And Ship Armor Level 1  
  174  12:58  Ghost  
  174  12:59  Ghost x2  
  179  13:08  Ghost  
  179  13:11  Personal Cloaking, Bunker  
  178  13:27  Ghost x3  
  184  13:37  Ghost  
  186  13:53  Planetary Fortress  
  184  13:56  Ghost x3  
  190  14:05  Ghost  
  191  14:24  Ghost x3  
  191  14:29  Barracks Tech Lab  
  197  14:34  Barracks Tech Lab, Ghost  
  197  14:38  SCV  
  200  14:41  Refinery  
  200  14:42  Command Center, Refinery  
  200  15:00  Starport  
  200  15:01  Terran Ship Weapons Level 2  
  198  15:13  Marine  
  198  15:14  Marauder, Marine x2  
  149  15:16  Marine x3  
  149  15:17  Marine, Marauder  
  149  15:18  Marauder, Marine  
  149  15:20  Ghost x2  
  155  15:21  Marauder  
  155  15:31  Marine x2, Widow Mine x2  
  155  15:32  Marine  
  155  15:34  Marine x2  
  155  15:35  Marauder  
  166  15:38  Marauder  
  166  15:40  Marauder  
  168  15:43  Marauder  
  168  15:49  Marauder x2, Marine x3  
  161  15:51  Marine x2  
  161  15:56  Ghost  
  165  16:01  Ghost  
  165  16:02  Marine  
  165  16:04  Sensor Tower  
  168  16:08  Starport Reactor  
  168  16:10  Orbital Command  
  168  16:15  Ghost  
  170  16:25  Ghost  
  160  16:33  Ghost  
  160  16:37  Ghost x2  
  166  16:40  Barracks Tech Lab  
  166  16:43  Ghost  
  168  16:47  Command Center  
  168  16:53  Ghost  
  165  16:59  Bunker  
  165  17:02  Marauder  
  165  17:06  Ghost x2  
  171  17:12  Refinery  
  171  17:13  Refinery, Ghost x2  
  171  17:14  Missile Turret  
  177  17:22  Marauder  
  177  17:24  Marauder  
  177  17:27  Viking  
  177  17:29  Viking x2  
  185  17:32  Viking  
  185  17:35  Marauder  
  185  17:36  Marine x2  
  187  17:52  Marine x3  
  187  17:53  Marauder x2  
  187  17:57  Marauder x2  
  164  18:20  Marauder  
  164  18:22  Marauder  
  164  18:23  Marauder, Marine  
  159  18:28  Marauder  
  159  18:29  Marauder  
  159  18:30  Ghost  
  159  18:35  Marine x2  
  159  18:36  Marine  
  162  18:41  Marauder  
  162  18:43  Ghost  
  162  18:44  Ghost  
  168  18:48  Ghost  
  170  18:57  Ghost  
  170  18:59  Ghost  
  170  19:02  Ghost  
  174  19:05  Marine  
  177  19:11  Ghost  
  177  19:13  Ghost  
  177  19:15  Sensor Tower  
  181  19:17  Ghost  
  183  19:26  Ghost  
  183  19:27  Ghost  
  187  19:31  Marauder  
  188  19:41  Marauder  
  188  19:42  Marauder  
  192  19:46  Ghost  
  192  19:52  Ghost  
  192  19:54  Ghost  
  192  19:57  Marauder  
  200  20:27  Viking x2  
  196  20:38  Viking x2  
  199  21:05  Terran Ship Weapons Level 3  
  199  21:06  Planetary Fortress  
  198  21:14  Marauder, Marine  
  173  21:33  Marine  
  173  21:34  Marauder  
  173  21:35  Marine x3  
  173  21:36  Widow Mine x2, Marine x5  
  174  21:49  Barracks  
  174  21:50  Barracks  
  174  21:51  Marine  
  174  21:52  Marine  
  174  21:53  Marine x3  
  174  21:54  Marine  
  180  21:55  Marauder x2  
  157  22:08  Marine x2  
  157  22:13  Marine x3  
  157  22:14  Marine x2  
  156  22:16  Marauder x2, Marine  
  140  22:26  Marine x2  
  140  22:31  Marine x2  
  140  22:35  Medivac  
  138  22:37  Marauder  
  138  22:38  Marauder  
  138  22:41  Medivac  
  138  22:43  Marine  
  144  22:45  Marine x3  
  147  22:57  Medivac x2  
  148  22:59  Marauder x2  
  148  23:02  Marine  
  146  23:08  Marine  
  147  23:14  Marine x2  
  147  23:17  Orbital Command  
  149  23:20  Marine  
  148  23:36  Marauder  
  151  24:01  Viking  
  151  24:02  Viking  
  152  24:10  Viking  
  152  24:13  Viking  
  158  24:31  Viking  
  158  24:34  Marauder  
  157  24:40  Marauder  
  154  24:56  Marauder  
  154  24:58  Marine x2  
  156  25:00  Marine  
  156  25:01  Marauder  
  156  25:03  Viking  
  156  25:04  Viking x2  
  156  25:05  Marine  
  156  25:06  Marine  
  165  25:10  Marine x2  
  165  25:17  Marauder, Marine  
  168  25:22  Missile Turret  
  157  25:36  Marauder  
  153  25:45  Marauder  
  153  25:47  Marine  
  153  25:48  Marine  
  142  25:51  Marine  
  124  25:58  Marauder  
  124  25:59  Marine x2  
  124  26:02  Marine  
  124  26:03  Marine  
  112  26:06  Marauder  
  112  26:10  Marine x2  
  108  26:14  Marine  
  108  26:18  Marine x2  
  107  26:19  Marine x2  
  107  26:22  Marine  
  107  26:27  Marauder  
  107  26:28  Marine x2  
  107  26:31  Marine  
  112  26:35  Marine  
  113  26:41  Marine  
  113  26:42  Marine  
  113  26:43  SCV x2  
  113  26:44  Marine  
  118  26:50  Marine  
  118  26:51  Marine  
  107  27:04  Orbital Command  
  107  27:09  Marine  
  98  27:36  Marine  
  99  27:39  Marine  
  99  27:43  Marine  
  101  27:46  Marine  
  101  27:48  Marine  
  101  27:51  Marine  
  104  27:55  Marine  
  103  27:59  Marine  
  103  28:02  Marine  
  102  28:05  Marine  
  97  28:16  Marine  
  97  28:18  Bunker  
  97  28:19  Marine  
  98  28:26  Marauder  
  89  28:33  Marine  
  69  29:14  Orbital Command  
  61  29:17  Orbital Command  
  59  29:36  Orbital Command  
  50  29:48  Orbital Command  
  28  29:57  Orbital Command  
  23  30:31  Marine  
  23  30:32  Marine  
  25  30:35  Orbital Command  
  25  30:37  Marine x2  
  25  30:39  Marine  
  25  30:42  Marine  
  29  30:48  Marine  
  30  30:50  Marine  
  31  30:57  Marine  
  31  31:16  Orbital Command  
  29  31:18  Marine  
  28  31:30  Marine  
  29  31:37  Marine  
  27  31:42  Orbital Command  
  27  31:43  Marine  
  28  31:48  Marine  
  28  31:52  Marine  
  30  31:55  Marine  
  30  31:59  Marine  
  32  32:09  Marine x2  
  32  32:10  Marine  
  32  32:12  Marine  
  34  32:20  Marine  
Tags
 
Add a new tag
Caveats
  • Supply blocks, unpowered buildings, or Contaminate may cause inaccurate times.
  • Supply counts are checked every 10 seconds.